 Dungeon Crawl Stone Soup version 0.31-a0-965-g8a8ce12e04 (webtiles) character file.

Game seed: 11801327860451057261

110 Pixllover the Ruffian (level 4, -3/34 HPs)
             Began as a Gnoll Shapeshifter on Oct 26, 2023.
             Slain by an orc
             ... wielding a +0 hand axe
              (4 damage)
             ... on level 3 of the Dungeon.
             The game lasted 00:03:28 (1446 turns).

Pixllover the Ruffian (Gnoll Shapeshifter)          Turns: 1446, Time: 00:03:28

Health: -3/34      AC:  2    Str: 15    XL:     4   Next: 91%
Magic:  5/5        EV: 13    Int:  9    God:
Gold:   111        SH:  0    Dex: 12    Spells: 5/5 levels left

rFire   . .          .
                       - Unarmed
rCold   . . .        (no shield)
rNeg    . . .        a - +0 animal skin
rPois   .            k - melded +2 hat
rElec   .            l - melded +1 cloak
rCorr   .            (gloves currently unavailable)
SInv    .            f - melded +0 pair of boots
Will    .....        (no amulet)
Stlth   ++           (no ring)
HPRegen 0.25/turn    (no ring)
MPRegen 0.09/turn

%: no passive effects
@: beast-form
A: beast (slay +3), fangs 1, strong nose, distributed training
a: Begin Untransformation


You were on level 3 of the Dungeon.
You were a hulking beast.
You visited 1 branch of the dungeon, and saw 3 of its levels.

You collected 111 gold pieces.

Inventory:

Hand Weapons
 j - a +0 broad axe
Armour
 a - a +0 animal skin (worn)
 f - a +0 pair of boots (melded)
 k - a +2 hat (melded)
 l - a +1 cloak (melded)
Talismans
 c - a beast talisman (active)
 d - a flux talisman
 m - a serpent talisman
Scrolls
 e - a scroll of enchant weapon {unknown}
 g - 4 scrolls of teleportation {unknown}
 h - 3 scrolls of identify {unknown}
 i - a scroll of immolation {unknown}
Potions
 b - 2 potions of lignification


   Skills:
 + Level 2.8 Fighting
 + Level 1.3 Short Blades
 + Level 1.3 Long Blades
 + Level 1.3 Axes
 + Level 1.3 Maces & Flails
 + Level 1.3 Polearms
 + Level 1.3 Staves
 + Level 1.3 Ranged Weapons
 + Level 1.3 Throwing
 + Level 1.3 Armour
 + Level 4.7 Dodging
 + Level 1.3 Stealth
 + Level 1.3 Shields
 + Level 6.6 Unarmed Combat
 + Level 1.3 Spellcasting
 + Level 1.0 Conjurations
 + Level 1.0 Hexes
 + Level 1.0 Summonings
 + Level 1.0 Necromancy
 + Level 1.0 Translocations
 + Level 1.0 Transmutations
 + Level 1.0 Fire Magic
 + Level 1.0 Ice Magic
 + Level 1.0 Air Magic
 + Level 1.0 Earth Magic
 + Level 1.0 Poison Magic
 + Level 1.4 Invocations
 + Level 1.3 Evocations
 + Level 6.6 Shapeshifting


You had 5 spell levels left.
You didn't know any spells.
Your spell library contained the following spells:

 Spells                   Type           Power      Damage    Failure   Level
 Necrotise                Necr           8%         1d4       24%         1
 Cigotuvi's Dreadful Rot  Necr/Pois/Air  4%         N/A       34%         2
 Ignite Poison            Fire/Tmut/Pois 2%         N/A       56%         3
 Vampiric Draining        Necr           2%         2d6       56%         3
 Agony                    Necr           2%         N/A       100%        5
 Freezing Cloud           Conj/Ice/Air   1%         6-21      100%        5


Dungeon Overview and Level Annotations

Branches:
Dungeon (3/15)

Altars:


Innate Abilities, Weirdness & Mutations

You are a hulking beast.
Your limbs bulge with bestial killing power. (Slay +3)
You have very sharp teeth.
Your uncanny sense of smell can sniff out nearby items.
Your experience applies equally to all skills.


Message History

You closely miss the orc. You bite the orc.
The orc is heavily wounded.
An orc priest comes into view. It is wielding a +0 dagger.
The kobold hits you with a +0 club.
An adder comes into view.
The orc priest shouts!
The orc hits you but does no damage. The orc closely misses you.
The kobold hits you with a +0 club.
You see here a +0 club.
You punch the orc!
You kill the orc!
The orc hits you with a +0 hand axe! The kobold hits you with a +0 club.
The orc hits you with a +0 whip.
An orc and an orc wizard come into view.
The orc wizard is wielding a +0 dagger of speed.
The orc shouts!
The orc hits you with a +2 short sword of speed.
The orc completely misses you. The kobold hits you with a +0 club.
The orc completely misses you.
Things that are here:
a +0 short sword; a +0 leather armour You hit the orc.
You punch the orc.
You kill the orc!
The orc barely misses you. The orc closely misses you.
The kobold hits you with a +0 club.
* * * LOW HITPOINT WARNING * * *
The adder closely misses you. The orc misses you.
The orc priest hits you with a +0 dagger.
* * * LOW HITPOINT WARNING * * *
You barely miss the orc.
The orc hits you with a +2 short sword of speed.
* * * LOW HITPOINT WARNING * * *
The adder closely misses you. The orc hits you with a +0 hand axe.
* * * LOW HITPOINT WARNING * * *
The orc priest completely misses you. The kobold barely misses you.
The orc closely misses you.
You hit the orc priest. Your bite misses the orc priest.
The orc priest is moderately wounded.
The adder misses you. The orc hits you with a +0 hand axe.
You die...

..###.######.##### ∆
#.##.......#....#
#<#.######.###.#####.#
##..######...........#
##).....#.###.####..#
#..####.#.###.####..#
#.#.. #.##........#
#.##..# ..##Ko#.#####
#.# #..# #.##oh#.# ##
#..# ..##oSooo# ....
......(...... ##.#
###.#...##.. .. ..##
##. ### #. ..


You could see an orc priest, an orc wizard, an adder, 4 orcs and a kobold.

Vanquished Creatures
  Crazy Yiuf (D:2)
  2 adders (D:2)
  2 worms (D:2)
  A dart slug (D:1)
  4 orcs (D:3)
  5 ball pythons
  7 endoplasms
  4 giant cockroaches
  3 goblins
  A hobgoblin (D:1)
  3 jackals (D:2)
  2 kobolds (D:2)
  3 quokkas
  3 bats (D:1)
  A frilled lizard (D:2)
  3 rats
45 creatures vanquished.

Notes
Turn   | Place    | Note
-------+----------+-------------------------------------------
     0 | D:1      | Pixllover the Gnoll Shapeshifter began the quest for the
                  | Orb.
     0 | D:1      | Reached XP level 1. HP: 17/17 MP: 1/1
    53 | D:1      | Reached XP level 2. HP: 15/23 MP: 2/2
   255 | D:1      | Reached XP level 3. HP: 24/28 MP: 3/3
   334 | D:1      | You fall into a shaft and drop 1 floor!
   375 | D:2      | Reached skill level 1 in Invocations
   585 | D:2      | Reached skill level 1 in Short Blades
   585 | D:2      | Reached skill level 1 in Long Blades
   585 | D:2      | Reached skill level 1 in Axes
   585 | D:2      | Reached skill level 1 in Maces & Flails
   585 | D:2      | Reached skill level 1 in Polearms
   585 | D:2      | Reached skill level 1 in Staves
   585 | D:2      | Reached skill level 1 in Ranged Weapons
   585 | D:2      | Reached skill level 1 in Throwing
   585 | D:2      | Reached skill level 1 in Armour
   585 | D:2      | Reached skill level 1 in Stealth
   585 | D:2      | Reached skill level 1 in Shields
   585 | D:2      | Reached skill level 1 in Spellcasting
   585 | D:2      | Reached skill level 1 in Evocations
   713 | D:2      | Reached XP level 4. HP: 34/34 MP: 5/5
  1126 | D:2      | Found a runed translucent door.
  1127 | D:2      | Noticed Crazy Yiuf
  1140 | D:2      | Killed Crazy Yiuf
  1141 | D:2      | Reached skill level 1 in Conjurations
  1141 | D:2      | Reached skill level 1 in Hexes
  1141 | D:2      | Reached skill level 1 in Summonings
  1141 | D:2      | Reached skill level 1 in Necromancy
  1141 | D:2      | Reached skill level 1 in Translocations
  1141 | D:2      | Reached skill level 1 in Transmutations
  1141 | D:2      | Reached skill level 1 in Fire Magic
  1141 | D:2      | Reached skill level 1 in Ice Magic
  1141 | D:2      | Reached skill level 1 in Air Magic
  1141 | D:2      | Reached skill level 1 in Earth Magic
  1141 | D:2      | Reached skill level 1 in Poison Magic
  1445 | D:3      | HP: 1/34 [orc/+0 hand axe (5)]
  1446 | D:3      | Slain by an orc

Illustrated notes

Levels and vault maps discovered:
D:1:      minmay_arrival_solitary_statue, layout_rooms
D:2:      layout_loops_corners, uniq_crazy_yiuf_cottage
D:3:      layout_loops_ring

Skill      XL: |  1  2  3  4 |
---------------+-------------+-----
Invocations    | 1 |  1.4
Short Blades   | 1 |  1.3
Long Blades    | 1 |  1.3
Axes           | 1 |  1.3
Maces & Flails | 1 |  1.3
Polearms       | 1 |  1.3
Staves         | 1 |  1.3
Ranged Weapons | 1 |  1.3
Throwing       | 1 |  1.3
Armour         | 1 |  1.3
Stealth        | 1 |  1.3
Shields        | 1 |  1.3
Spellcasting   | 1 |  1.3
Evocations     | 1 |  1.3
Conjurations   | 1 |  1.0
Hexes          | 1 |  1.0
Summonings     | 1 |  1.0
Necromancy     | 1 |  1.0
Translocations | 1 |  1.0
Transmutations | 1 |  1.0
Fire Magic     | 1 |  1.0
Ice Magic      | 1 |  1.0
Air Magic      | 1 |  1.0
Earth Magic    | 1 |  1.0
Poison Magic   | 1 |  1.0
Fighting       | |  2.8
Dodging        | |  4.7
Unarmed Combat | |  6.6
Shapeshifting  | |  6.6

Action                     |  1- 3 |  4- 6 || total
---------------------------+-------+-------++-------
  Melee: Unarmed           |    63 |    30 ||    93
         Bite              |     6 |     2 ||     8
         Punch             |     3 |     3 ||     6
   Stab: Sleeping          |       |     2 ||     2
 Armour: Animal skin       |    44 |    21 ||    65
  Dodge: Dodged            |    59 |    21 ||    80
   Form: Beast             |     1 |     1 ||     2
                           |       |     1 ||     1

Table legend: (Time is in decaauts)
 A = Elapsed time spent in this place.
 B = Non-inter-level travel time spent in this place.
 C = Inter-level travel time spent in this place.
 D = Time resting spent in this place.
 E = Time spent auto-exploring this place.
 F = Levels seen in this place.
 G = Mean time per level.
                   A        B        C        D        E       F      G
               +--------+--------+--------+--------+--------+-----+--------+
         Total |   1434 |   1421 |     13 |     80 |    856 |   3 |  478.0 |
       Dungeon |   1434 |   1421 |     13 |     80 |    856 |   3 |  478.0 |
               +--------+--------+--------+--------+--------+-----+--------+

Top non-repeatable levels by time:
     D:2: 1035 daAuts
     D:1: 329 daAuts
     D:3: 68 daAuts
